 Dungeon Crawl Stone Soup version 0.29-a0-311-gcbd9eb2193 (webtiles) character file.

Game seed: 2130040786523790672

5 Leszczynek the Chopper (level 1, 2/16 HPs)
             Began as a Human Gladiator on Mar 28, 2022.
             Quit the game on level 2 of the Dungeon.
             The game lasted 00:00:26 (73 turns).

Leszczynek the Chopper (Human Gladiator)              Turns: 73, Time: 00:00:27

Health: 2/16       AC:  4    Str: 14    XL:     1   Next: 88%
Magic:  1/1        EV: 12    Int:  8    God:
Gold:   20         SH:  0    Dex: 14    Spells: 0/0 levels left

rFire   . . .      SeeInvis .   a - +0 war axe
rCold   . . .      Faith    .   (no shield)
rNeg    + . .      Spirit   .   b - +0 leather armour
rPois   .          Reflect  .   c - +0 helmet
rElec   .          Harm     .   (no cloak)
rCorr   .          Rampage  .   (no gloves)
Will    .....                   (no boots)
Stlth   +.........              (no amulet)
HPRegen 0.05/turn               f - ring of positive energy
MPRegen 0.07/turn               (no ring)

@: lethally poisoned (2 -> -2)
A: no striking features
a: no special abilities


You were on level 2 of the Dungeon.
You visited 1 branch of the dungeon, and saw 2 of its levels.

You collected 20 gold pieces.

Inventory:

Hand Weapons
 a - a +0 war axe (weapon)
Missiles
 d - 3 throwing nets (quivered)
 e - a javelin
Armour
 b - a +0 leather armour (worn)
 c - a +0 helmet (worn)
Jewellery
 f - a ring of positive energy (left hand)


   Skills:
 * Level 2.1 Fighting
 * Level 3.1 Axes
 + Level 2.0 Throwing
 + Level 3.0 Dodging


You couldn't memorise any spells.
You didn't know any spells.
Your spell library was empty.

Dungeon Overview and Level Annotations

Branches:
Dungeon (2/15)

Altars:


Message History

The bat hits you but does no damage. The endoplasm freezes you.
You are frozen.
You barely miss the endoplasm.
The endoplasm is heavily wounded.
The bat barely misses you. The endoplasm freezes you.
You are frozen.
You are too injured to fight recklessly!
You are too injured to fight recklessly!
You are too injured to fight recklessly!
You slash the endoplasm!
You kill the endoplasm!
The bat completely misses you. The bat barely misses you.
The bat hits you but does no damage.
You miss the bat. The bat barely misses you. The bat misses you.
A hobgoblin comes into view.
Found a leather armour.
The hobgoblin shouts!
You hear an angry hiss.
The bat barely misses you.
You hit the bat.
You kill the bat!
An adder comes into view.
You slash the hobgoblin!
You kill the hobgoblin!
You closely miss the ball python. The ball python closely misses you.
The ball python barely misses you. The ball python misses you.
The ball python grabs you. The ball python constricts you.
You closely miss the ball python.
The ball python bites you but does no damage.
The ball python constricts you. The adder bites you.
You escape the ball python's grasp.
The adder attacks as you move away! The adder closely misses you.
The adder bites you.
* * * LOW HITPOINT WARNING * * *
You are lethally poisoned!
The adder poisons you!
You aren't carrying any potions.
Are you sure you want to abandon this character and quit the game? (Confirm with "yes".)

...... .......
....... .......
...#.. ........
##...###........
#....... ....... #
#......# .......
.#.#......##...?<..
.........@SS.......
#.#......#........
####.###......^.
#..# #........ #
##.##..........
#.##.....##..[....
#.....#### #......
####...###########
#.#.<.........


You could see an adder and a ball python.

Vanquished Creatures
  A bat (D:2)
  An endoplasm (D:2)
  A hobgoblin (D:2)
  A ball python (D:2)
  A frilled lizard (D:1)
5 creatures vanquished.

Notes
Turn   | Place    | Note
-------+----------+-------------------------------------------
     0 | D:1      | Leszczynek the Human Gladiator began the quest for the Orb.
     0 | D:1      | Reached XP level 1. HP: 16/16 MP: 1/1
    72 | D:2      | HP: 2/16 [adder (3)]
    73 | D:2      | Quit the game

Illustrated notes

Levels and vault maps discovered:
D:1:      ncdulo_lavacross, layout_loops_ring,
          chequers_ecumenical_altar_simple_redux,
          chequers_serial_rivers_micro_c, minmay_misc_feat_columns,
          minmay_vboxes
D:2:      layout_rooms, serial_shops, nicolae_square_shop

Action                   || total
-------------------------++-------
Melee: War axe           ||    17
Armor: Leather armour    ||    11
Dodge: Dodged            ||    18

Table legend: (Time is in decaauts)
 A = Elapsed time spent in this place.
 B = Non-inter-level travel time spent in this place.
 C = Inter-level travel time spent in this place.
 D = Time resting spent in this place.
 E = Time spent auto-exploring this place.
 F = Levels seen in this place.
 G = Mean time per level.
                   A        B        C        D        E       F      G
               +--------+--------+--------+--------+--------+-----+--------+
         Total |     78 |     78 |      0 |      0 |      0 |   2 |   39.0 |
       Dungeon |     78 |     78 |      0 |      0 |      0 |   2 |   39.0 |
               +--------+--------+--------+--------+--------+-----+--------+

Top non-repeatable levels by time:
     D:2: 40 daAuts
     D:1: 37 daAuts
